Map: Abyssal Reef LE

Players

Xenodore

  • Race: Protoss Protoss
  • League: Platinum
  • Spawn Location: 11:00

PhoenixTears - Winner!

  • Race: Zerg Zerg
  • League: Platinum
  • Spawn Location: 5:00

Event: HopeTL

VOD

https://www.youtube.com/watch?v=fIOJgj8wW98&list=PL9QsjkBYtQM7NVZEDVfaNugqO61aBOlm6&index=1

Description

Time

  • Played on: Oct. 12, 2017, 3:25 p.m.
  • Length: 15:41

All games in this series

Show
View Real Time Build Order
Export as new Build Order

Xenodore Protoss 

Build Orders:  

Get SALT Encoding   

  12  0:01  Probe (Chrono Boost)  
  13  0:11  Probe (Chrono Boost)  
  14  0:21  Pylon  
  14  0:30  Probe (Chrono Boost)  
  15  0:40  Probe (Chrono Boost)  
  16  0:47  Gateway  
  16  0:50  Assimilator  
  16  0:51  Probe (Chrono Boost)  
  17  1:11  Forge  
  17  1:15  Gateway  
  17  1:21  Pylon  
  17  1:34  Zealot (Chrono Boost)  
  19  1:52  Photon Cannon  
  19  1:54  Cybernetics Core  
  19  2:00  Pylon  
  19  2:15  Pylon  
  19  2:18  Pylon  
  19  2:34  Photon Cannon  
  18  2:54  Nexus  
  18  2:58  Warp Gate  
  18  3:05  Probe (Chrono Boost)  
  19  3:15  Probe (Chrono Boost)  
  19  3:17  Adept  
  22  3:26  Probe (Chrono Boost)  
  23  3:29  Stalker  
  25  3:39  Mothership Core (Chrono Boost)  
  27  3:51  Pylon  
  27  3:59  Sentry  
  29  4:27  Probe x2 (Chrono Boost)  
  31  4:36  Assimilator  
  31  4:50  Twilight Council  
  31  4:53  Pylon  
  31  5:25  Probe (Chrono Boost)  
  31  5:26  Probe (Chrono Boost)  
  33  5:30  Assimilator  
  33  5:31  Charge  
  33  5:32  Assimilator  
  33  5:36  Probe x2 (Chrono Boost)  
  33  5:40  Robotics Facility  
  35  5:42  Gateway  
  35  5:47  Probe x2 (Chrono Boost)  
  37  5:57  Probe x2 (Chrono Boost)  
  39  6:04  Protoss Ground Weapons Level 1  
  39  6:08  Probe x2 (Chrono Boost)  
  43  6:18  Probe x2 (Chrono Boost)  
  43  6:21  Nexus  
  43  6:24  Pylon  
  43  6:29  Immortal  
  47  6:38  Stalker  
  49  6:58  Pylon  
  49  7:00  Gateway x2  
  49  7:07  Pylon  
  49  7:10  Photon Cannon  
  49  7:19  Probe x2 (Chrono Boost)  
  49  7:22  Stalker  
  53  7:23  Stalker x2  
  53  7:29  Probe (Chrono Boost)  
  59  7:30  Probe (Chrono Boost)  
  59  7:37  Immortal  
  59  7:42  Gateway  
  63  8:06  Photon Cannon  
  63  8:10  Gateway  
  63  8:11  Assimilator  
  63  8:21  Sentry  
  63  8:22  Sentry  
  67  8:29  Pylon  
  67  8:45  Stargate  
  67  8:47  Pylon x2  
  67  8:56  Probe x2 (Chrono Boost)  
  67  8:57  Probe (Chrono Boost)  
  70  9:05  Assimilator  
  70  9:07  Probe x3 (Chrono Boost)  
  73  9:14  Resonating Glaives  
  73  9:15  Protoss Ground Weapons Level 2  
  73  9:17  Probe (Chrono Boost)  
  73  9:18  Probe x2 (Chrono Boost)  
  73  9:24  Robotics Bay, Protoss Air Weapons Level 1  
  76  9:26  Robotics Facility  
  76  9:47  Pylon  
  76  9:49  Stalker x3  
  76  9:50  Stalker  
  76  9:51  Zealot x2  
  76  9:52  Zealot  
  90  9:53  Pylon  
  90  10:04  Pylon  
  90  10:12  Sentry x2  
  94  10:15  Zealot x3, Stalker  
  94  10:16  Stalker  
  103  10:26  Oracle  
  106  10:40  Pylon  
  106  10:43  Pylon  
  106  10:45  Pylon  
  106  10:56  Stalker x2  
  110  10:57  Pylon  
  110  10:58  Zealot  
  110  10:59  Adept x3  
  110  11:00  Adept  
  110  11:02  Colossus  
  126  11:08  Oracle  
  129  11:24  Colossus  
  133  11:53  Zealot  
  133  11:54  Zealot  
  137  11:55  Adept  
  137  11:56  Adept x2  
  137  11:57  Adept x2  
  137  11:58  Colossus (Chrono Boost)  
  93  12:17  Zealot x2  
  93  12:18  Zealot x4  
  93  12:19  Zealot  
  101  12:30  Colossus (Chrono Boost)  
  107  12:40  Extended Thermal Lance  
  107  12:45  Stalker  
  115  12:51  Colossus (Chrono Boost)  
  63  13:18  Void Ray, Warp Prism (Chrono Boost)  
  69  13:22  Stalker  
  69  13:24  Zealot x3  
  69  13:25  Zealot x2  
  69  13:26  Zealot  
  83  13:35  Photon Cannon  
  83  13:38  Disruptor (Chrono Boost)  
  83  13:40  Gateway  
  86  13:49  Disruptor (Chrono Boost)  
  86  13:52  Stalker  
  86  13:53  Stalker  
  86  13:55  Sentry  
  95  13:59  Mothership Core  
  95  14:02  Adept  
  101  14:11  Immortal (Chrono Boost)  
Show
View Real Time Build Order
Export as new Build Order

PhoenixTears Zerg - Winner!

Build Orders: Hatch First 

Get SALT Encoding   

  12  0:02  Drone  
  13  0:13  Overlord  
  13  0:23  Drone  
  14  0:35  Drone x2  
  16  1:01  Drone  
  16  1:02  Drone x2  
  19  1:04  Hatchery  
  18  1:24  Extractor  
  18  1:25  Drone x2  
  18  1:26  Spawning Pool  
  18  1:40  Drone  
  19  1:53  Overlord  
  19  2:14  Zergling x4  
  21  2:17  Queen x2  
  21  2:20  Zergling x4  
  27  2:27  Metabolic Boost  
  27  2:30  Zergling x4  
  29  2:49  Drone  
  29  2:50  Drone x3  
  33  3:14  Overlord x2  
  33  3:20  Drone  
  33  3:21  Drone  
  33  3:25  Drone  
  33  3:26  Overlord x2  
  36  3:37  Drone x3  
  36  3:38  Drone x3  
  42  3:43  Lair  
  42  3:49  Spore Crawler  
  41  4:02  Evolution Chamber  
  41  4:08  Spore Crawler  
  39  4:10  Hatchery  
  39  4:15  Drone  
  39  4:16  Drone x2  
  41  4:31  Zerg Melee Weapons Level 1  
  41  4:33  Pneumatized Carapace  
  41  4:34  Drone  
  41  4:35  Drone x4  
  46  5:02  Zergling x6  
  46  5:03  Zergling x8  
  53  5:07  Baneling Nest  
  53  5:12  Queen  
  53  5:16  Overseer  
  53  5:29  Drone x3  
  53  5:30  Drone x5, Queen  
  63  5:38  Drone x2  
  63  5:40  Extractor, Overseer  
  63  5:41  Extractor  
  63  5:45  Overseer  
  63  5:48  Spore Crawler  
  62  5:55  Drone  
  62  5:56  Drone x6  
  69  6:09  Drone x4  
  73  6:12  Extractor  
  73  6:16  Baneling x3  
  72  6:27  Zerg Melee Weapons Level 2  
  72  6:31  Drone x2  
  74  6:33  Overlord x4  
  74  6:54  Drone x14  
  75  6:58  Hatchery, Extractor  
  75  7:00  Extractor, Hydralisk Den  
  84  7:15  Zergling x10  
  87  7:18  Baneling x3  
  87  7:19  Baneling x5  
  89  7:39  Drone x2  
  89  7:41  Muscular Augments  
  89  7:43  Hatchery  
  90  7:58  Hydralisk  
  90  7:59  Hydralisk x7  
  90  8:00  Overlord x3  
  90  8:01  Overlord x3  
  106  8:19  Drone x9  
  115  8:22  Spore Crawler  
  114  8:28  Zergling x8  
  114  8:29  Zergling x2  
  114  8:33  Infestation Pit  
  118  8:35  Queen  
  118  8:37  Hydralisk x4  
  118  8:38  Hydralisk x2  
  132  8:47  Overlord  
  132  8:59  Hydralisk  
  132  9:00  Hydralisk x12  
  158  9:03  Overlord  
  158  9:20  Hive  
  158  9:23  Spire  
  157  9:26  Baneling x9  
  157  9:27  Zergling x4  
  157  9:28  Zergling x18  
  157  9:29  Zergling x2  
  169  9:33  Zerg Missile Weapons Level 1  
  169  9:35  Hydralisk x2  
  169  9:37  Zergling x4  
  175  9:43  Lurker Den  
  175  9:58  Centrifical Hooks  
  175  10:24  Baneling x6, Hatchery  
  175  10:25  Baneling x2, Evolution Chamber  
  173  10:32  Overlord x2  
  173  10:33  Overlord  
  173  10:37  Greater Spire, Corruptor x3  
  173  10:38  Corruptor  
  173  10:42  Extractor  
  180  10:45  Drone x2  
  180  10:46  Overlord, Extractor  
  180  10:47  Overlord  
  181  11:03  Corruptor x4, Drone x4  
  181  11:04  Corruptor  
  195  11:16  Zerg Melee Weapons Level 3  
  187  11:52  Brood Lord x5  
  187  11:54  Zergling x10  
  177  12:09  Zergling x4, Hydralisk  
  177  12:10  Zergling x12, Hydralisk x6  
  177  12:11  Zergling x8, Hydralisk  
  194  12:17  Baneling x7  
  177  12:25  Zergling x22  
  186  12:40  Zerg Ground Armor Level 1  
  186  12:50  Hatchery  
  177  13:07  Corruptor x4  
  177  13:08  Corruptor x5  
  177  13:09  Zergling x2, Hydralisk  
  177  13:10  Zergling x2  
  194  13:14  Hatchery  
  193  13:33  Adrenal Glands  
  193  13:35  Neural Parasite, Zerg Flyer Weapons Level 1  
  193  13:50  Baneling  
  193  13:51  Baneling x16  
  193  13:53  Zergling x12  
Tags
 
Add a new tag
Caveats
  • Supply blocks, unpowered buildings, or Contaminate may cause inaccurate times.
  • Supply counts are checked every 10 seconds.